 Dungeon Crawl Stone Soup version 0.23-a0-54-gae6112e (webtiles) character file.

31 Amnesiac the Gusty (level 3, -4/24 HPs)
             Began as a Mummy Air Elementalist on Aug 8, 2018.
             Killed by divine providence
             ... invoked by an orc priest
              (12 damage)
             ... on level 2 of the Dungeon.
             The game lasted 00:03:14 (1266 turns).

Amnesiac the Gusty (Mummy Air Elementalist)         Turns: 1266, Time: 00:03:14

Health: -4/24      AC:  4    Str: 11    XL:     3   Next: 7%
Magic:  6/7        EV: 11    Int: 15    God:
Gold:   70         SH:  0    Dex: 12    Spells: 7/8 levels left

rFire    . . .     SeeInvis .   a - +0 long sword
rCold    . . .     Gourm    .   (no shield)
rNeg     + + +     Faith    .   d - +1 leather armour
rPois    ∞         Spirit   .   (no helmet)
rElec    .         Reflect  .   (no cloak)
rCorr    .         Harm     .   (no gloves)
MR       .....                  (no boots)
Stlth    +.........             (no amulet)
HPRegen  0.08/turn              g - ring of fire
MPRegen  0.10/turn              (no ring)

@: no status effects
A: no food or potions, fire vulnerability, cold resistance 1, negative energy
resistance 3, torment resistance, unbreathing
a: no special abilities


You were on level 2 of the Dungeon.
You were not hungry.

You visited 1 branch of the dungeon, and saw 4 of its levels.

You collected 70 gold pieces.

Inventory:

Hand Weapons
 a - a +0 long sword (weapon)
Missiles
 e - 23 stones (quivered)
 i - a throwing net
Armour
 d - a +1 leather armour (worn)
Jewellery
 g - a ring of fire (left hand)
Scrolls
 f - a scroll of remove curse {!r}


   Skills:
 - Level 1.5 Dodging
 - Level 1.5 Stealth
 + Level 3.2 Spellcasting
 - Level 0.7 Conjurations
 * Level 3.2 Air Magic


You had 7 spell levels left.
You knew the following spells:

 Your Spells              Type           Power        Failure   Level  Hunger
w - Shock                 Conj/Air       #...         12%         1    N/A

Your spell library contained the following spells:

 Spells                   Type           Power        Failure   Level  Hunger
 Lightning Bolt           Conj/Air       #.........   97%         5    N/A
 Swiftness                Chrm/Air       #.......     21%         2    N/A
 Airstrike                Air            ##........   54%         4    N/A
 Static Discharge         Conj/Air       #.......     34%         3    N/A

Dungeon Overview and Level Annotations

Branches:
Dungeon (4/15)
 Temple: D:4-7

Altars:
Uskayaw

Annotations:
D:2 exclusion: goblin, Natasha
D:3 Grinder
D:4 exclusion: iguana, Menkaure


Innate Abilities, Weirdness & Mutations

You do not eat or drink.
Your flesh is vulnerable to fire.
You are immune to poison.
Your flesh is cold resistant. (rC+)
You are immune to negative energy. (rN+++)
You are immune to unholy pain and torment.
You can survive without breathing.


Message History

Things that are here:
a dagger; a kobold corpse
Found a long sword.
Found a stone staircase leading down.
There is a stone staircase leading down here.
You see here a long sword.
Found a stone staircase leading up.
e - 23 stones (gained 7)
You see here a long sword.
i - a long sword Wield which item (- for none, * to show all)? (? for menu, Esc to quit)
i - a +0 long sword (weapon)
Adjust (i)tems, (s)pells, or (a)bilities?
Adjust which item? (? for menu, Esc to quit)
i - a +0 long sword (weapon)
Adjust to which letter? (? for menu, Esc to quit)
a - a +0 long sword (weapon);
i - a throwing net Drop what? 9/52 slots (_ for help) (? for menu, Esc to quit)
You drop a +0 spear.
You drop a +0 dagger.
There is a stone staircase leading down here.
You climb downwards. 2 orcs, an orc priest and Grinder come into view.
Grinder shouts!
The orc priest shouts!
The orc shouts!
You hear a shout! x2
The orc priest hits you but does no damage.
The orc priest hits you with a short sword.
The orc closely misses you.
An orc comes into view.
There is a stone staircase leading up here.
The orc priest closely misses you. The orc hits you but does no damage.
You climb upwards.
Level annotation: exclusion: goblin, Natasha
There is a stone staircase leading down here.
Casting: Shock (safe; 12% risk of failure)
Confirm with . or Enter, or press ? or * to list all spells.
Okay, then.
Really read
f - 2 scrolls labeled JIBEOD RYMUQU {!r}?
As you read the scroll labeled JIBEOD RYMUQU {!r}, it crumbles to dust.
You feel blessed for a moment.
It was a scroll of remove curse {!r}.
The orc priest hits you with a short sword!
The orc hits you with a hand axe.
* * * LOW HITPOINT WARNING * * *
Casting: Shock (safe; 12% risk of failure)
Confirm with . or Enter, or press ? or * to list all spells.
You don't know that spell.
Really read
h - a scroll labeled WEPSOI QYRIMYCH {!r}?
As you read the scroll labeled WEPSOI QYRIMYCH {!r}, it crumbles to dust.
It is a scroll of identify.
You don't have any unidentified items.
The orc priest barely misses you. The orc barely misses you.
You slash the orc priest!
The orc priest is heavily wounded.
The orc priest looks braver for a moment.
The orc hits you with a hand axe.
* * * LOW HITPOINT WARNING * * *
Casting: Shock (safe; 12% risk of failure)
Confirm with . or Enter, or press ? or * to list all spells.
Aiming: Shock (safe; 12% risk of failure)
Press: ? - help, Shift-Dir - straight line The zap misses the orc priest.
The zap hits the orc priest.
The orc priest is almost dead.
The orc priest mumbles some strange prayers to Beogh against you.
Beogh smites you!
Ouch! That really hurt!
You die...

.....####
###.........#####
#.......
#..#.#.#..#
........#
##........#
........#
#.#.#.#.##
.##.....#
#.......# .#
###..# #.#.#.#.#
.# ..##########
#.......# ..
.........o.#
###....####### #
<.########@#
##.....[.... #o#
##..##..... #.#
##.......##
#.######...##.#.##
#.............#.##
########...##.#.#.
##.....#.#.
#####.#.#. #.#.#.


You could see an orc priest and an orc.

Vanquished Creatures
  An adder (D:3)
  An ooze (D:2)
  An orc (D:3)
  2 bats
  2 giant cockroaches
  2 hobgoblins
  4 frilled lizards
  2 goblins (D:2)
  2 kobolds
17 creatures vanquished.

Notes
Turn   | Place    | Note
-------+----------+-------------------------------------------
     0 | D:1      | Amnesiac the Mummy Air Elementalist began the quest for the Orb.
     0 | D:1      | Reached XP level 1. HP: 13/13 MP: 4/4
   116 | D:2      | Found a faded altar of an unknown god.
   382 | D:2      | Reached XP level 2. HP: 13/19 MP: 5/5
   453 | D:2      | Noticed Natasha
   618 | D:4      | Found a hide-covered altar of Uskayaw.
   955 | D:4      | Reached XP level 3. HP: 23/24 MP: 7/7
   971 | D:4      | Noticed Menkaure
  1260 | D:3      | Noticed Grinder
  1266 | D:2      | Killed from afar by an orc priest

Vault maps used:
D:1:      minmay_arrival_statue_studded, nemelex_diamond_rough_becter
D:2:      chequers_ecumenical_altar_simple, serial_co_window_serial,
          co_window_paths_b, co_window_corner_a, co_window_paths_b,
          co_window_corner_a, co_window_of_opportunity_a,
          co_window_of_opportunity_b, co_window_broadway_a,
          co_window_broadway_b, glass_columns_c, glass_columns_b,
          glass_columns_a, glass_columns_a, uniq_natasha
D:3:      lemuel_crystal_altar, grunt_gozag_statues, first_ration, uniq_grinder,
          uniq_terence
D:4:      eat_drink_and_be_merry_uskayaw, uniq_menkaure

Skill      XL: |  1  2 |
---------------+-------+-----
Air Magic      | 3 |  3.2
Spellcasting   | 3 |  3.2
Dodging        | |  1.5
Stealth        | |  1.5
Conjurations   | |  0.7

Action                   || total
-------------------------++-------
Melee: Dagger            ||    33
       Unarmed           ||     3
       Spear             ||    44
       Long sword        ||     1
 Cast: Shock             ||     1
  Use: Scroll            ||     4
 Stab: Sleeping          ||     2
       Distracted        ||     1
Armor: Leather armour    ||    19
Dodge: Dodged            ||    49

Table legend:
 A = Spawn XP
 B = Non-spawn XP
 C = Spawn XP percentage of total XP
 D = Spawn monster count
 E = Non-spawn monster count
 F = Spawn count percentage of total count
 G = Total turns spent on level
                    A         B        C        D         E        F      G
               +---------+---------+-------+---------+---------+-------+---------
         Total |       0 |      45 |   0.0 |       0 |      17 |   0.0 |  1266
               +---------+---------+-------+---------+---------+-------+---------
           D:2 |       0 |      19 |   0.0 |       0 |       9 |   0.0 |   748
           D:3 |       0 |      23 |   0.0 |       0 |       6 |   0.0 |   388
           D:4 |       0 |       3 |   0.0 |       0 |       2 |   0.0 |   103
               +---------+---------+-------+---------+---------+-------+---------
